 Dungeon Crawl Stone Soup version 0.27-a0-417-g317cea8a3c (webtiles) character file.

Game seed: 10426359925255327184

104 sanka the Chiller (level 4, -7/30 HPs)
             Began as a Vampire Ice Elementalist on Feb 25, 2021.
             Killed by divine providence
             ... invoked by an orc priest
              (14 damage)
             ... on level 3 of the Dungeon.
             The game lasted 00:04:06 (2679 turns).

sanka the Chiller (Vampire Ice Elementalist)        Turns: 2679, Time: 00:04:07

Health: -7/30      AC:  2    Str: 13    XL:     4   Next: 52%
Magic:  0/7        EV: 12    Int: 17    God:
Gold:   141        SH:  0    Dex: 15    Spells: 0/7 levels left

rFire    . . .     SeeInvis +   i - +2 hand axe (flame)
rCold    . . .     Faith    .   (no shield)
rNeg     . . .     Spirit   .   a - +0 robe
rPois    .         Reflect  .   (no helmet)
rElec    .         Harm     .   (no cloak)
rCorr    .         Rampage  .   (no gloves)
Will     .....                  (no boots)
Stlth    ++........             (no amulet)
HPRegen  0.30/turn              (no ring)
MPRegen  0.10/turn              g - +6 ring of strength

@: regenerating quickly
A: fangs 3, see invisible, unbreathing
a: Exsanguinate


You were on level 3 of the Dungeon.
You visited 1 branch of the dungeon, and saw 3 of its levels.

You collected 141 gold pieces.


Innate Abilities, Weirdness & Mutations

Your natural rate of healing is unusually fast.
You have razor-sharp teeth.
You have supernaturally acute eyesight. (SInv)
You can survive without breathing.


   Skills:
 - Level 2.1 Dodging
 - Level 3.0 Stealth
 - Level 2.0 Spellcasting
 + Level 6.0 Ice Magic


You couldn't memorise any spells.
You knew the following spells:

 Your Spells              Type           Power        Failure   Level
a - Ozocubu's Armour      Ice            22%          4%          3
y - Frozen Ramparts       Ice            44%          4%          3
z - Freeze                Ice            88%          1%          1

Your spell library contained the following spells:

 Spells                   Type           Power        Failure   Level
 Hailstorm                Conj/Ice       11%          50%         4
 Summon Ice Beast         Ice/Summ       11%          50%         4

Inventory:

Hand Weapons
 i - a +2 hand axe of flaming (weapon)
Armour
 a - a +0 robe (worn)
Jewellery
 g - a +6 ring of strength (right hand)
 h - a ring of fire
Scrolls
 b - a scroll of magic mapping {unknown}
 c - 6 scrolls of identify {unknown}
 f - a scroll of enchant armour {unknown}
 k - a scroll of blinking {unknown}
 o - 2 scrolls of teleportation {unknown}
 p - a scroll of immolation {unknown}
Potions
 d - a potion of curing {unknown}
 e - 2 potions of magic {unknown}
 j - 2 potions of resistance {unknown}
 l - a potion of lignification {unknown}
 m - a potion of heal wounds {unknown}
 n - a potion of might {unknown}

Dungeon Overview and Level Annotations

Branches:
Dungeon (3/15)

Altars:

.....▒.▒ ▒.▒.▒.▒...........
....>▒.▒▒▒▒▒▒▒▒▒........▒▒▒▒▒▒▒.▒
.....▒.....▒▒........▒▒.▒ ▒.....
>....▒▒▒▒▒.▒▒.▒▒.▒....▒.▒ ▒.....
.....▒ ▒.....▒▒.▒▒...▒.▒ ▒.....
▒▒▒▒▒▒ ▒..▒▒▒▒▒.▒▒.▒▒▒.▒ ▒.....
▒......▒........▒ ▒.....
▒.▒▒▒▒.▒▒▒▒▒▒.▒▒▒ ▒.....
▒..!..ooV..)..▒ ▒.....
▒▒▒▒▒▒.▒▒▒▒▒▒▒▒ ▒..... ▒....▒
▒..... ▒..!..... ▒▒▒▒▒.
▒?....o..▒ ▒▒▒▒. ▒...o.b..▒ ▒....
▒...)....▒ ▒.... ▒........▒ ▒....
▒........▒ ▒....


You could see an orc priest and an orc.


Message History

The wall freezes the bat.
You kill the bat!
The frozen ramparts melt away.
Aiming: Freeze (safe; 1% risk of failure)
Aim: an orc priest You freeze the orc priest.
The orc priest is heavily wounded.
The orc priest closely misses you.
Aiming: Freeze (safe; 1% risk of failure)
Aim: an orc priest (heavily wounded)
You freeze the orc priest.
The orc priest is almost dead.
The orc priest hits you.
* * * LOW HITPOINT WARNING * * *
Aiming: Freeze (safe; 1% risk of failure)
Aim: an orc priest (severely wounded)
You freeze the orc priest.
The orc priest is almost dead.
Aiming: Freeze (safe; 1% risk of failure)
Aim: an orc, wielding a +0 dagger You freeze the orc.
The orc is severely wounded.
You barely miss the orc. You bite the orc.
The orc is severely wounded.
The orc hits you with a +0 dagger.
* * * LOW HITPOINT WARNING * * *
The orc priest mumbles some strange prayers to Beogh against you.
Beogh smites you!
You die...

Action                   |  1- 3 |  4- 6 || total
-------------------------+-------+-------++-------
Melee: Unarmed           |     3 |       ||     3
       Hand axe          |    14 |     8 ||    22
       Bite              |     2 |     1 ||     3
 Cast: Freeze            |    54 |    18 ||    72
       Frozen Ramparts   |       |     1 ||     1
Armor: Robe              |     5 |     4 ||     9
Dodge: Dodged            |    45 |    14 ||    59

Levels and vault maps discovered:
D:1:      mrwooster_arrival_statue, layout_loops_corners, minmay_misc_feat_room
D:2:      layout_basic
D:3:      layout_basic, uniq_sigmund

Notes
Turn   | Place    | Note
-------+----------+-------------------------------------------
     0 | D:1      | sanka the Vampire Ice Elementalist began the quest for the
                  | Orb.
     0 | D:1      | Reached XP level 1. HP: 13/13 MP: 3/3
   374 | D:1      | Reached XP level 2. HP: 19/19 MP: 3/5
  1131 | D:2      | Reached skill level 5 in Ice Magic
  1138 | D:2      | Reached XP level 3. HP: 24/24 MP: 0/6
  1356 | D:2      | HP: 2/24 [worm (12)]
  2139 | D:3      | Reached XP level 4. HP: 30/30 MP: 4/7
  2171 | D:3      | Learned a level 3 spell: Frozen Ramparts
  2175 | D:3      | Learned a level 3 spell: Ozocubu's Armour
  2672 | D:3      | Reached skill level 6 in Ice Magic
  2679 | D:3      | Killed from afar by an orc priest

Vanquished Creatures
  4 adders
  An ooze (D:1)
  A worm (D:3)
  2 dart slugs (D:2)
  A leopard gecko (D:1)
  5 orcs (D:3)
  A ball python (D:2)
  9 bats
  5 giant cockroaches
  5 hobgoblins
  A quokka (D:2)
  2 frilled lizards (D:1)
  3 goblins
  4 kobolds
  7 rats
51 creatures vanquished.
